 Dungeon Crawl Stone Soup version 0.31-a0-963-ga325b2283a (webtiles) character file.

Game seed: 10480860531290545125

440 IdlyInterested the Trooper (level 6, -1/52 HPs)
             Began as a Demonspawn Gladiator on Oct 25, 2023.
             Slain by a sleepcap (2 damage)
             ... on level 4 of the Dungeon.
             The game lasted 00:09:57 (3231 turns).

IdlyInterested the Trooper (Demonspawn Gladiator)   Turns: 3231, Time: 00:09:58

Health: -1/52      AC: 10    Str: 16    XL:     6   Next: 70%
Magic:  0/7        EV:  2    Int: 10    God:
Gold:   234        SH:  0    Dex: 14    Spells: 5/5 levels left

rFire   . . .        m - +0 dagger (venom)
rCold   . . .        (no shield)
rNeg    . . .        z - +1 chain mail
rPois   +            (helmet restricted)
rElec   .            (no cloak)
rCorr   .            r - +0 pair of gloves
SInv    .            (no boots)
Will    .....        (no amulet) Stlth
                     o - ring of poison resistance
HPRegen 0.28/turn    (no ring)
MPRegen 0.20/turn

%: guardian spirit
@: sleeping
A: antennae 1, magic shield, magic regeneration, weakness stinger 1
a: no special abilities


You were on level 4 of the Dungeon.
You visited 1 branch of the dungeon, and saw 4 of its levels.

You collected 234 gold pieces.

Inventory:

Hand Weapons
 e - a +0 dagger
 k - a +0 short sword
 m - a +0 dagger of venom (weapon)
 n - a +0 falchion
 t - a +0 hand axe
 u - a +0 spear
 A - a +0 flail
Missiles
 c - 3 throwing nets
 d - a javelin
 w - 23 stones (quivered)
Armour
 f - a +0 ring mail
 r - a +0 pair of gloves (worn)
 z - a +1 chain mail (worn)
Jewellery
 o - a ring of poison resistance (left hand)
Scrolls
 b - a scroll of revelation {unknown}
 g - 2 scrolls of enchant armour
 h - a scroll of immolation
 j - a scroll of teleportation {unknown}
 q - a scroll of enchant weapon {unknown}
 s - a scroll of amnesia {unknown}
 y - 2 scrolls of identify {unknown}
Potions
 a - a potion of berserk rage
 i - 3 potions of brilliance
 l - a potion of curing {unknown}
 p - a potion of cancellation {unknown}
 v - a potion of attraction {unknown}
 x - 2 potions of haste


   Skills:
 * Level 6.1 Fighting
 - Level 1.7 Throwing
 - Level 2.0 Armour
 + Level 2.6 Dodging
 - Level 1.0 Stealth
 - Level 2.6 Unarmed Combat
 - Level 2.0 Invocations
 - Level 1.0 Evocations
 - Level 1.0 Shapeshifting


You had 5 spell levels left.
You didn't know any spells.
Your spell library contained the following spells:

 Spells                   Type           Power      Damage    Failure   Level
 Slow                     Hex            0%         N/A       99%         1
 Lesser Beckoning         Tloc           0%         N/A       100%        2
 Confusing Touch          Hex            0%         N/A       100%        3
 Gell's Gravitas          Tloc           0%         N/A       100%        3
 Sigil of Binding         Hex            0%         N/A       100%        3
 Teleport Other           Tloc           0%         N/A       100%        3
 Vampiric Draining        Necr           0%         2d6       100%        3


Dungeon Overview and Level Annotations

Branches:
Dungeon (4/15)
 Temple: D:4-7

Altars:

Annotations:
D:4 1 transporter


Innate Abilities, Weirdness & Mutations

You have a pair of small antennae on your head.
When hurt, damage is shared between your health and your magic reserves.
You regenerate magic rapidly.
You have a small tail.


Message History

The sleepcap is severely damaged.
The orc hits you but does no damage. The sleepcap releases spores at you.
* * * LOW HITPOINT WARNING * * *
You are engulfed in a cloud of soporific spores!
You fall asleep.
The orc hits you with a +0 dagger.
You wake up.
* * * LOW HITPOINT WARNING * * *
The sleepcap releases spores at you.
* * * LOW HITPOINT WARNING * * *
You are engulfed in a cloud of soporific spores!
You are unaffected.
You hit the orc.
The orc looks as sick as possible!
The orc is severely wounded.
The sleepcap looks more healthy.
The orc barely misses you. The sleepcap barely misses you.
You hit the orc.
You kill the orc!
The sleepcap releases spores at you.
* * * LOW HITPOINT WARNING * * *
You hit the sleepcap but do no damage.
You tail-slap the sleepcap, but do no damage.
The sleepcap is severely damaged.
The sleepcap releases spores at you but does no damage.
You hit the sleepcap but do no damage.
The sleepcap is severely damaged.
The sleepcap barely misses you.
Okay, then.
You hit the sleepcap but do no damage.
The sleepcap is severely damaged.
The sleepcap releases spores at you.
* * * LOW HITPOINT WARNING * * *
You hit the sleepcap but do no damage.
The sleepcap is severely damaged.
The sleepcap releases spores at you.
* * * LOW HITPOINT WARNING * * *
You are engulfed in a cloud of soporific spores!
You fall asleep.
The sleepcap releases spores at you but does no damage.
The sleepcap releases spores at you.
You die...

........##...##....##...##...#...
........##... #....##...##...#...
............. ###'###........#...
.............##....##........#...
.................>...........#...
........................##...#...
........#######...>.....##...#...
........##...##....##...##...#...
.............###@####+####...#...
<........o...##f)).##........#...
...........o............###'##...
...................(....#........
...............†........#........
..........................©......
.......................#######.##
.......................#8.©.8#...
##########.............#P./.P#...


You could see a sleepcap.

Vanquished Creatures
  Grinder (D:3)
  A jelly (D:3)
  An orc priest (D:3)
  Jessica (D:3)
  An iguana (D:4)
  An orc wizard (D:3)
  5 adders
  A worm (D:2)
  A dart slug (D:3)
  9 orcs
  2 endoplasms
  3 giant cockroaches
  A goblin (D:2)
  6 hobgoblins
  4 jackals (D:2)
  5 kobolds
  2 quokkas
  6 ball pythons
  5 bats
  3 frilled lizards
  8 rats
67 creatures vanquished.

Notes
Turn   | Place    | Note
-------+----------+-------------------------------------------
     0 | D:1      | IdlyInterested the Demonspawn Gladiator began the quest for
                  | the Orb.
     0 | D:1      | Reached XP level 1. HP: 16/16 MP: 1/1
   279 | D:1      | Reached skill level 1 in Armour
   485 | D:1      | Discovered your monstrous ancestry.
   485 | D:1      | Gained mutation: You have a pair of small antennae on your
                  | head. [demonic ancestry]
   485 | D:1      | Reached XP level 2. HP: 22/22 MP: 2/2
   789 | D:2      | Reached skill level 1 in Stealth
   801 | D:2      | Gained mutation: You regenerate magic rapidly. [demonic
                  | ancestry]
   801 | D:2      | Reached XP level 3. HP: 3/28 MP: 3/3
  1047 | D:2      | Reached skill level 3 in Fighting
  1047 | D:2      | Reached skill level 1 in Evocations
  1792 | D:2      | Reached XP level 4. HP: 34/35 MP: 4/4
  1919 | D:3      | Reached skill level 1 in Shapeshifting
  1981 | D:3      | Noticed Jessica
  1982 | D:3      | Noticed Grinder
  1988 | D:3      | Paralysed by Grinder for 5 turns
  1993 | D:3      | Killed Jessica
  2006 | D:3      | Killed Grinder
  2007 | D:3      | Reached skill level 5 in Fighting
  2007 | D:3      | Gained mutation: You have a small tail. [demonic ancestry]
  2007 | D:3      | Reached XP level 5. HP: 14/44 MP: 5/5
  2007 | D:3      | Gained mutation: When hurt, damage is shared between your
                  | health and your magic reserves. [demonic ancestry]
  2007 | D:3      | Reached XP level 6. HP: 16/51 MP: 6/6
  2334 | D:3      | Reached skill level 1 in Invocations
  3088 | D:4      | Found a transporter.
  3220 | D:4      | Reached skill level 6 in Fighting
  3225 | D:4      | HP: 2/52 [sleepcap (4)]
  3231 | D:4      | Slain by a sleepcap

Illustrated notes

Levels and vault maps discovered:
D:1:      heliophobic_arrival_enchanted_forest, layout_basic
D:2:      layout_loops_ring, dk_noncrumbling_2, minmay_misc_feat_room
D:3:      layout_basic, uniq_grinder, uniq_jessica
D:4:      gammafunk_steamed_eel, layout_gridville, minmay_statues_item,
          uniq_menkaure

Skill      XL: |  1  2  3  4  5  6 |
---------------+-------------------+-----
Armour         | 1 2 |  2.0
Stealth        | 1 |  1.0
Fighting       | 3 5 6 |  6.1
Evocations     | 1 |  1.0
Shapeshifting  | 1 |  1.0
Invocations    | 2 |  2.0
Throwing       | |  1.7
Dodging        | |  2.6
Unarmed Combat | |  2.6

Action                     |  1- 3 |  4- 6 || total
---------------------------+-------+-------++-------
  Melee: Unarmed           |    35 |     5 ||    40
         Dagger            |    92 |   101 ||   193
         Punch             |     2 |     1 ||     3
         Tailslap          |       |    11 ||    11
  Throw: Javelin           |       |     1 ||     1
         Stone             |       |     1 ||     1
    Use: Potion            |     1 |     4 ||     5
         Scroll            |       |     2 ||     2
 Armour: Leather armour    |     6 |       ||     6
         Ring mail         |    66 |    25 ||    91
         Skin              |       |     1 ||     1
         Chain mail        |       |    58 ||    58
  Dodge: Dodged            |    84 |    72 ||   156

Table legend: (Time is in decaauts)
 A = Elapsed time spent in this place.
 B = Non-inter-level travel time spent in this place.
 C = Inter-level travel time spent in this place.
 D = Time resting spent in this place.
 E = Time spent auto-exploring this place.
 F = Levels seen in this place.
 G = Mean time per level.
                   A        B        C        D        E       F      G
               +--------+--------+--------+--------+--------+-----+--------+
         Total |   3224 |   2874 |    350 |    646 |   1500 |   4 |  806.0 |
       Dungeon |   3224 |   2874 |    350 |    646 |   1500 |   4 |  806.0 |
               +--------+--------+--------+--------+--------+-----+--------+

Top non-repeatable levels by time:
     D:3: 1129 daAuts
     D:2: 1054 daAuts
     D:1: 872 daAuts
     D:4: 168 daAuts
